Map: Dasan Station LE

Players

Kanata

  • Race: Terran Terran
  • League: Platinum

Nickos - Winner!

  • Race: Terran Terran
  • League: Gold

VOD

Have the link to the VOD?

Description

Time

  • Played on: Sept. 21, 2016, 8:57 a.m.
  • Length: 8:26
Show
View Real Time Build Order
Export as new Build Order

Kanata Terran 

Build Orders:  

Get SALT Encoding   

  12  0:02  SCV  
  13  0:14  SCV  
  13  0:19  Supply Depot  
  14  0:26  SCV  
  15  0:41  SCV  
  15  0:42  Barracks  
  16  0:47  Refinery  
  16  0:53  SCV  
  17  1:05  SCV  
  17  1:06  Supply Depot  
  18  1:17  SCV  
  19  1:19  Refinery  
  19  1:29  SCV  
  20  1:37  Reaper  
  21  1:44  Orbital Command  
  21  2:04  Command Center  
  21  2:14  SCV  
  21  2:15  Barracks Reactor  
  22  2:27  SCV  
  23  2:39  SCV  
  24  2:51  SCV  
  25  3:03  SCV  
  26  3:13  Factory  
  26  3:14  Marine x2  
  26  3:15  SCV  
  29  3:27  SCV  
  29  3:32  Marine x2  
  32  3:35  Bunker  
  32  3:41  SCV  
  33  3:46  Engineering Bay  
  33  3:47  Engineering Bay  
  33  3:49  Barracks  
  33  3:53  Barracks  
  33  3:54  Orbital Command  
  33  3:56  SCV  
  33  3:57  Marine x2  
  36  4:05  Factory Reactor, Starport  
  36  4:09  SCV  
  37  4:17  Supply Depot  
  37  4:21  SCV  
  38  4:25  Marine x2  
  38  4:30  Terran Infantry Weapons Level 1  
  40  4:31  Terran Infantry Armor Level 1  
  40  4:34  SCV  
  40  4:36  SCV  
  42  4:40  Refinery  
  42  4:46  SCV  
  42  4:47  Refinery  
  42  4:51  Supply Depot  
  42  4:52  Barracks Tech Lab, Barracks Reactor  
  43  4:54  Medivac  
  45  5:01  Armory  
  45  5:02  SCV  
  45  5:05  Supply Depot, SCV  
  47  5:12  Widow Mine  
  49  5:14  SCV  
  49  5:17  SCV  
  49  5:20  Supply Depot  
  51  5:23  Marauder  
  51  5:24  Stimpack  
  53  5:32  Supply Depot  
  53  5:34  SCV  
  55  5:35  SCV  
  55  5:36  Marine  
  55  5:41  Medivac  
  58  5:45  Marauder  
  58  6:02  Marine x2  
  52  6:06  Marauder  
  52  6:08  Terran Vehicle Weapons Level 1  
  52  6:09  Command Center  
  54  6:11  Medivac  
  54  6:15  Sensor Tower  
  56  6:21  Supply Depot  
  47  6:28  SCV x2, Marauder  
  51  6:40  SCV, Factory  
  51  6:41  Medivac  
  54  7:01  Marine x2  
  56  7:02  Marine  
  56  7:03  Marauder  
  56  7:08  SCV  
  60  7:11  Widow Mine, Medivac  
  60  7:14  Marine  
  65  7:25  Marauder  
  40  8:03  Marine x4  
Show
View Real Time Build Order
Export as new Build Order

Nickos Terran - Winner!

Build Orders: MMM Bio 

Get SALT Encoding   

  12  0:01  SCV  
  13  0:13  SCV  
  14  0:23  Supply Depot  
  14  0:25  SCV  
  15  0:45  SCV  
  15  0:46  Barracks  
  17  0:57  SCV  
  17  1:09  SCV  
  18  1:15  Command Center  
  18  1:22  SCV  
  19  1:37  Orbital Command  
  19  1:39  Marine  
  20  1:42  Supply Depot  
  20  1:51  Barracks  
  20  2:03  SCV  
  20  2:05  Marine  
  22  2:09  Barracks  
  22  2:12  Refinery  
  22  2:16  SCV  
  22  2:20  Refinery  
  23  2:38  Orbital Command, SCV  
  23  2:39  Marine  
  23  2:40  Marine  
  26  2:50  SCV  
  26  3:02  SCV  
  26  3:03  Barracks Tech Lab, Marine  
  29  3:06  SCV  
  29  3:14  SCV  
  29  3:18  SCV  
  31  3:20  Barracks Reactor  
  31  3:26  SCV  
  32  3:30  SCV  
  32  3:32  Barracks Reactor  
  33  3:35  Marauder  
  33  3:39  SCV  
  36  3:42  SCV  
  36  3:46  Barracks x2  
  37  3:50  Stimpack  
  37  3:51  SCV  
  37  3:54  SCV  
  39  3:57  Marine x2  
  39  3:59  Marauder  
  39  4:02  Supply Depot x2  
  43  4:03  SCV  
  43  4:06  SCV  
  45  4:13  Supply Depot, Marine  
  45  4:16  Marine  
  46  4:23  SCV x2, Marine x3  
  51  4:30  Supply Depot  
  51  4:31  Supply Depot  
  51  4:34  Engineering Bay  
  51  4:35  SCV x2  
  51  4:36  Barracks Reactor  
  51  4:38  Engineering Bay, Barracks Reactor  
  53  4:47  Marine x4  
  53  4:48  Marauder  
  59  5:00  Refinery  
  59  5:01  SCV  
  59  5:02  Terran Infantry Weapons Level 1, SCV  
  59  5:05  Marine x2  
  59  5:06  Marine  
  64  5:10  Marine, Marauder  
  64  5:13  Marine  
  68  5:14  Marine  
  68  5:15  Marine  
  68  5:16  Factory  
  68  5:18  SCV  
  71  5:24  SCV  
  71  5:26  Marine x2  
  74  5:30  Marine x3  
  74  5:33  Marine x2  
  74  5:34  Marine x2  
  81  5:36  Supply Depot  
  81  5:41  Supply Depot  
  81  5:43  Terran Infantry Armor Level 1  
  81  5:45  Marine x2  
  83  5:51  Combat Shields  
  76  6:07  SCV  
  76  6:08  SCV  
  76  6:10  Marine x2  
  76  6:11  Marine x5  
  81  6:12  Marine x2  
  87  6:19  SCV  
  88  6:28  Marine x3  
  88  6:29  Marine x3  
  88  6:30  Factory Reactor  
  94  6:33  Marine  
  94  6:34  Marine x2  
  94  6:35  Starport  
  94  6:37  Supply Depot x2, SCV  
  94  6:38  SCV  
  99  6:45  Refinery  
  100  6:54  SCV x2  
  101  7:02  Command Center  
  101  7:06  SCV  
  102  7:31  Marine x3  
  102  7:32  Marine x5  
  102  7:33  Marine  
  108  7:49  Marine x2  
  108  7:50  Marine x3  
  108  7:51  Marine x2  
  103  8:03  Marine x2  
  104  8:11  Armory  
Tags
 
Composition
MMM Bio
Matchup
TvT
Race
Terran
Replay Pack
Nickos replay
Add a new tag
Caveats
  • Supply blocks, unpowered buildings, or Contaminate may cause inaccurate times.
  • Supply counts are checked every 10 seconds.